 Dungeon Crawl Stone Soup version 0.23-a0-54-gae6112e (webtiles) character file.

51 Gorice the Firebug (level 3, -1/19 HPs)
             Began as a Deep Elf Fire Elementalist on Aug 8, 2018.
             Slain by an iguana (12 damage)
             ... on level 2 of the Dungeon.
             The game lasted 00:08:19 (2290 turns).

Gorice the Firebug (Deep Elf Fire Elementalist)     Turns: 2290, Time: 00:08:20

Health: -1/19      AC:  3    Str:  5    XL:     3   Next: 58%
Magic:  9/9        EV: 13    Int: 20    God:
Gold:   88         SH:  0    Dex: 15    Spells: 2/8 levels left

rFire    . . .     SeeInvis .   (no weapon)
rCold    . . .     Gourm    .   (no shield)
rNeg     . . .     Faith    .   a - +0 robe
rPois    .         Spirit   .   (no helmet)
rElec    .         Reflect  .   (no cloak)
rCorr    .         Harm     .   h - +0 pair of gloves
MR       .....                  (no boots)
Stlth    ++........             (no amulet)
HPRegen  0.06/turn              (no ring)
MPRegen  0.11/turn              (no ring)

@: no status effects
A: no striking features
a: no special abilities


You were on level 2 of the Dungeon.
You were not hungry.

You visited 1 branch of the dungeon, and saw 2 of its levels.

You collected 88 gold pieces.

Inventory:

Missiles
 Y - 32 stones (quivered)
Armour
 a - a +0 robe (worn)
 h - a +0 pair of gloves (worn)
Jewellery
 l - an uncursed amulet of regeneration {unknown}
Scrolls
 b - a scroll of fog {unknown}
 g - 3 scrolls of remove curse
 i - a scroll of amnesia {unknown}
Potions
 d - a potion of might {unknown}
 e - a potion of brilliance {unknown}
 f - a potion of berserk rage {unknown}
 k - a potion of cancellation {unknown}
Comestibles
 c - 3 rations


   Skills:
 - Level 2.4 Dodging
 - Level 2.4 Stealth
 - Level 3.0 Spellcasting
 * Level 3.5 Conjurations
 * Level 3.7 Fire Magic


You had 2 spell levels left.
You knew the following spells:

 Your Spells              Type           Power        Failure   Level  Hunger
a - Flame Tongue          Conj/Fire      ###..        3%          1    None
b - Throw Flame           Conj/Fire      ###...       4%          2    ##.....
c - Conjure Flame         Conj/Fire      ###.....     10%         3    ###....

Your spell library contained the following spells:

 Spells                   Type           Power        Failure   Level  Hunger
 Fireball                 Conj/Fire      ###.......   65%         5    ######.
 Sticky Flame             Conj/Fire      ###.....     32%         4    ####...
 Inner Flame              Hex/Fire       ##......     21%         3    ###....


Dungeon Overview and Level Annotations

Branches:
Dungeon (2/15)

Altars:


Message History

This raw flesh tastes terrible.
You see here a short sword.
There is a stone staircase leading down here.
You climb downwards.
There is a stone staircase leading up here.
There is a stone staircase leading down here.
The iguana is too close now for your liking.
Unknown command.
Memorise Conjure Flame, consuming 3 spell levels and leaving 2?
You start memorising the spell.
You continue memorising. x3
You finish memorising.
Spell assigned to 'c'.
The iguana hisses angrily.
The iguana is too close now for your liking.
Casting: Flame Tongue (safe; 3% risk of failure)
Confirm with . or Enter, or press ? or * to list all spells.
You can't see any susceptible monsters within range! (Use Z to cast anyway.)
Casting: Flame Tongue (safe; 3% risk of failure)
Confirm with . or Enter, or press ? or * to list all spells.
Aiming: Flame Tongue (safe; 3% risk of failure)
Press: ? - help, Shift-Dir - straight line, f - iguana
Aim: an iguana You miscast Flame Tongue.
You are very lightly contaminated with residual magic.
You feel uncomfortably hot.
Casting: Flame Tongue (safe; 3% risk of failure)
Confirm with . or Enter, or press ? or * to list all spells.
Aiming: Flame Tongue (safe; 3% risk of failure)
Press: ? - help, Shift-Dir - straight line, f/p - iguana
Aim: an iguana The flame tongue hits the iguana.
The iguana is moderately wounded.
Casting: Flame Tongue (safe; 3% risk of failure)
Confirm with . or Enter, or press ? or * to list all spells.
Aiming: Flame Tongue (safe; 3% risk of failure)
Press: ? - help, Shift-Dir - straight line, f/p - iguana
Aim: an iguana (moderately wounded)
The flame tongue hits the iguana.
The iguana is heavily wounded.
The iguana bites you!
Ouch! That really hurt!
* * * LOW HITPOINT WARNING * * *
Damage: 13 (max 13)
The iguana hisses menacingly.
Your magical contamination has completely faded away.
The iguana hisses menacingly.
Press: ? - help, v - describe, . - travel A rock wall.
The iguana bites you!
Ouch! That really hurt!
You die...

.........#..######.#.###.###.#
#. .......#.#..........##
##.##.# #.
.......#.#.#######.#.###.###.#
#. .......#.#.# #....#......#
#. #.#####....#
########.####### #.
#.#####.#..####.........# #.
........................# #.
#.######................# #.
...#####.#.#..##@.#.#...#
######.
............<..l...>...##
#......
...#####.#.#..#...#.#..#
#.##### #.## #...<...........#
#.# #.# ###.####........# #.#
..# #....#.######## #.# ###
#.##.......# #.# #.##.......#
#.# #######.##.......# #.#


You could see an iguana.

Vanquished Creatures
  An adder (D:2)
  A worm (D:2)
  2 giant cockroaches
  2 hobgoblins
  9 kobolds
  A ball python (D:1)
  13 bats
  3 frilled lizards
  3 goblins (D:1)
  3 rats
38 creatures vanquished.

Notes
Turn   | Place    | Note
-------+----------+-------------------------------------------
     0 | D:1      | Gorice the Deep Elf Fire Elementalist began the quest for the Orb.
     0 | D:1      | Reached XP level 1. HP: 10/10 MP: 6/6
   160 | D:1      | Reached skill level 2 in Conjurations
   314 | D:1      | Reached XP level 2. HP: 12/15 MP: 6/8
   791 | D:1      | Reached skill level 3 in Conjurations
  1169 | D:1      | Learned a level 2 spell: Throw Flame
  1225 | D:2      | Reached XP level 3. HP: 19/19 MP: 7/9
  1347 | D:2      | HP: 5/19 [poisoned by an adder]
  1355 | D:2      | HP: 4/19 [poisoned by an adder]
  2205 | D:2      | Learned a level 3 spell: Conjure Flame
  2290 | D:2      | Slain by an iguana

Vault maps used:
D:1:      erik_arrival_cave_to_civilisation, st_stairs_1
D:2:      st_stairs_14, uniq_crazy_yiuf_cottage

Skill      XL: |  1  2 |
---------------+-------+-----
Conjurations   | 2 3 |  3.5
Dodging        | |  2.4
Stealth        | |  2.4
Spellcasting   | |  3.0
Fire Magic     | |  3.7

Action                   || total
-------------------------++-------
Melee: Unarmed           ||     1
 Cast: Flame Tongue      ||    72
  Use: Scroll            ||     1
  Eat: Chunk             ||     4
Armor: Robe              ||     6
Dodge: Dodged            ||    28

Table legend:
 A = Spawn XP
 B = Non-spawn XP
 C = Spawn XP percentage of total XP
 D = Spawn monster count
 E = Non-spawn monster count
 F = Spawn count percentage of total count
 G = Total turns spent on level
                    A         B        C        D         E        F      G
               +---------+---------+-------+---------+---------+-------+---------
         Total |       0 |      74 |   0.0 |       0 |      38 |   0.0 |  2290
               +---------+---------+-------+---------+---------+-------+---------
           D:1 |       0 |      38 |   0.0 |       0 |      25 |   0.0 |  1251
           D:2 |       0 |      36 |   0.0 |       0 |      13 |   0.0 |  1039
               +---------+---------+-------+---------+---------+-------+---------

Table legend:
 A = Turns spent in this place as a percentage of turns spent in the entire game.
 B = Non-inter-level travel turns spent in this place as a percentage of non-inter-level travel turns spent in the entire game.
 C = Inter-level travel turns spent in this place as a percentage of turns spent in this place.
 D = Turns resting spent in this place as a percentage of non-inter-level travel turns spent in this place.
 E = Turns spent auto-exploring this place as a percentage of non-inter-level travel turns spent in this place.
 F = Non-inter-level travel turns spent in this place divided by the number of levels of this place that you've seen.
                   A       B       C       D       E      F
               +-------+-------+-------+-------+-------+----------------------
         Total | 100.0 | 100.0 |   7.4 |  28.5 |  41.9 | 1060.5
       Dungeon | 100.0 | 100.0 |   7.4 |  28.5 |  41.9 | 1060.5
               +-------+-------+-------+-------+-------+----------------------

Vault maps used:
D:1:      erik_arrival_cave_to_civilisation, st_stairs_1
D:2:      st_stairs_14, uniq_crazy_yiuf_cottage
